 Dungeon Sprint DCSS version 0.19.1-1-g22dce08 (webtiles) character file.

81 dvd the Slasher (level 4, -2/45 HPs)
             Began as a Minotaur Monk on Jan 3, 2017.
             Succumbed to a human's poison
             ... in the Dungeon (Sprint III: "The Ten Rune Challenge").
             The game lasted 00:01:33 (459 turns).

dvd the Slasher (Minotaur Monk)                      Turns: 459, Time: 00:01:34

Health: -2/45      AC:  2    Str: 16    XL:     4   Next: 19%
Magic:  2/2        EV: 15    Int:  5    God:
Gold:   23         SH:  0    Dex: 15    Spells: 0 memorised, 3 levels left

rFire  . . .     SeeInvis .     a - +0 falchion
rCold  + . .     Gourm    .     b - +0 robe
rNeg   . . .     Faith    .     (no shield)
rPois  .         Spirit   .     (helmet restricted)
rElec  .         Reflect  .     (no cloak)
rCorr  .         Harm     .     (no gloves)
MR     .....     NoTele   +     (no boots)
Stlth  ++........               (no amulet)
                                (no ring)
                                (no ring)

@: lethally poisoned (-2 -> -42)
A: retaliatory headbutt, horns 2, agile 1, cold resistance 1, dopey 1, low mp 1
a: no special abilities


You were in the Dungeon.
You were not hungry.

You visited 1 branch You collected 23 gold pieces.

Inventory:

Hand Weapons
 a - a +0 falchion (weapon)
Armour
 b - a +0 robe (worn)
Scrolls
 i - a scroll of blinking
 m - a scroll of immolation {unknown}
 n - a scroll of magic mapping {unknown}
 o - 2 scrolls of identify {unknown}
 s - a scroll of holy word {unknown}
 t - a scroll of remove curse {unknown}
Potions
 f - a potion of haste
 g - 2 potions of magic
 q - 3 potions of cure mutation
Comestibles
 c - 2 bread rations
 p - a royal jelly


   Skills:
 + Level 6.6 Fighting
 + Level 6.7 Long Blades
 + Level 5.7 Dodging
 + Level 2.5 Stealth


You had 3 spell levels left.
You didn't know any spells.

Dungeon Overview and Level Annotations

Branches:
Dungeon (1/1)

Altars:
Okawaru
Trog
Uskayaw
Beogh


Innate Abilities, Weirdness & Mutations

You reflexively headbutt those who attack you in melee.
You have a pair of horns on your head.
You are agile. (Dex +2)
Your flesh is cold resistant. (rC+)
You are dopey. (Int -2)
Your magical capacity is low. (-10% MP)


Message History

The human is heavily wounded.
You barely miss the human. You headbutt the human.
The human is heavily wounded.
You feel sick. The human misses you. You furiously retaliate!
You headbutt the human. You slash the human!
The human is severely wounded.
You feel sick. The human barely misses you.
The human hits you with a dagger of venom!
* * * LOW HITPOINT WARNING * * *
You are more poisoned.
You closely miss the human. You headbutt the human.
The human is almost dead.
* * * LOW HITPOINT WARNING * * *
You feel very sick. The human completely misses you.
Unknown command.
You closely miss the human.
The human is almost dead.
You die...

▓▓▓ ▓▓▓ ..♣♣ ♣.# #####
...♣♣ ♣.# #__.# ....♣
♣.# #p_.#
...≈♣♣♣♣♣.###+#p###+##
..≈≈♣.♣.♣.#.....@....#
.≈≈≈≈.♣.♣.'.⌠........#
.≈≈≈≈≈≈...#...######+#
≈≈≈≈≈≈....#.⌠.#
≈≈≈≈≈.....#...#
≈≈≈.......#+###
..........#
..........#
▓▓▓▓▓▓▓▓▓▓▓


You could see 2 humans.

Vanquished Creatures
  A water elemental (D)
  A human (D)
  A phantom (D)
  4 rats (D)
7 creatures vanquished.

Vanquished Creatures (others)
  2 draconian scorchers (D)
  6 hellions (D)
  A yaktaur (D)
  4 plants (D)
13 creatures vanquished.

Grand Total: 20 creatures vanquished

Notes
Turn   | Place    | Note
-------+----------+-------------------------------------------
     0 | D        | dvd the Minotaur Monk began the quest for the Orb.
     0 | D        | Reached XP level 1. HP: 19/19 MP: 0/0
    15 | D        | Killed a yaktaur
    65 | D        | Gained mutation: You are agile. (Dex +2) [potion of mutation]
    65 | D        | Gained mutation: Your flesh is cold resistant. (rC+) [potion of mutation]
    65 | D        | Lost mutation: You are agile. (Dex +2) [potion of mutation]
    66 | D        | Gained mutation: Your magical capacity is low. (-10% MP) [potion of mutation]
    66 | D        | Gained mutation: You are dopey. (Int -2) [potion of mutation]
    66 | D        | Gained mutation: You are agile. (Dex +2) [potion of mutation]
    75 | D        | Killed a hellion
    93 | D        | Killed a hellion
    96 | D        | Reached skill level 5 in Fighting
    96 | D        | Reached skill level 5 in Long Blades
    96 | D        | Reached XP level 2. HP: 8/29 MP: 0/0
   101 | D        | Killed a hellion
   107 | D        | Killed a hellion
   119 | D        | Killed a hellion
   275 | D        | Killed a white draconian scorcher
   286 | D        | Killed a white draconian scorcher
   334 | D        | Noticed a water elemental
   335 | D        | Killed a hellion
   341 | D        | Killed a water elemental
   341 | D        | Reached skill level 5 in Dodging
   341 | D        | Reached XP level 3. HP: 37/38 MP: 1/1
   341 | D        | Reached XP level 4. HP: 44/45 MP: 2/2
   441 | D        | Found a hide-covered altar of Uskayaw.
   441 | D        | Found an iron altar of Okawaru.
   442 | D        | Found a roughly hewn altar of Beogh.
   442 | D        | Found a bloodstained altar of Trog.
   442 | D        | Noticed a human
   442 | D        | Noticed a human
   458 | D        | HP: 1/45 [poisoned by a human]
   459 | D        | Succumbed to a human's poison

Skill      XL: |  1  2 |
---------------+-------+-----
Long Blades    | 5 6 |  6.7
Fighting       | 5 6 |  6.6
Dodging        | 4 5 |  5.7
Stealth        | 2 |  2.5

Action                   |  1- 3 |  4- 6 || total
-------------------------+-------+-------++-------
Melee: Falchion          |    19 |    14 ||    33
       Headbutt          |     4 |     2 ||     6
  Use: Potion            |     6 |     2 ||     8
 Stab: Sleeping          |     1 |       ||     1
Armor: Robe              |     1 |     1 ||     2
Dodge: Dodged            |    10 |    13 ||    23
       Rpst.: Falchion   |     4 |     3 ||     7
